coastal, a case study

Match 19265536
End
Scout Squad
Selects Airborne Battlegroup
Selects Pathfinders
Selects Smoke Bombing Run
Construct Barracks
Riflemen Squad
Riflemen Squad
Engineer Squad
Infantry Support Center
Construct Weapon Support Center
M3 Armored Personnel Carrier
Construct Medical Station
M1918 Browning Automatic Rifles
Mortar Pit
Bazooka Squad
Selects Paratrooper Squad Paradrop
Selects Anti-tank Gun Team Paradrop
Anti-tank Gun Team Paradrop
Construct Tank Depot
Selects Supply Drop
Mortar Pit
M4(105) Sherman Bulldozer
Selects Carpet Bombing Run
Anti-tank Gun Team Paradrop
M18 Hellcat Tank Destroyer
M4(105) Sherman Bulldozer
M4(105) Sherman Bulldozer
IncaUna
Oziligath
0
0

Comments sign in to comment!

No comments posted yet!